 Dungeon Crawl Stone Soup version 0.31-a0-667-g39726597b9 (webtiles) character file.

Game seed: 2199096578912922405

80 Angani the Trooper (level 4, -13/36 HPs)
             Began as a Vine Stalker Fighter on Sept 3, 2023.
             Mangled by Crazy Yiuf
             ... wielding a +2 quarterstaff of chaos
              (21 damage)
             ... on level 2 of the Dungeon.
             The game lasted 00:01:33 (851 turns).

Angani the Trooper (Vine Stalker Fighter)            Turns: 851, Time: 00:01:33

Health: -13/36     AC: 22    Str: 20    XL:     4   Next: 39%
Magic:  0/5        EV:  2    Int:  8    God:
Gold:   98         SH:  5    Dex: 14    Spells: 3/3 levels left

rFire   . . .        a - +0 rapier
rCold   . . .        c - +0 buckler
rNeg    . . .        b - melded +0 scale mail
rPois   +            (helmet currently unavailable)
rElec   .            (cloak currently unavailable)
rCorr   .            (gloves currently unavailable)
SInv    .            (boots currently unavailable)
Will    .....        (no amulet)
Stlth   +            (no ring)
HPRegen 1.06/turn    (no ring)
MPRegen 0.09/turn

%: guardian spirit
@: lethally poisoned (-13 -> -14), tree-form
A: stationary, stasis, torment immunity, boosted hp, (fangs 2), regeneration 1,
magic shield, (antimagic bite), no potion heal 2
a: no special abilities


You were on level 2 of the Dungeon.
You were a tree.
You visited 1 branch of the dungeon, and saw 2 of its levels.

You collected 98 gold pieces.

Inventory:

Hand Weapons
 a - a +0 rapier (weapon)
Armour
 b - a +0 scale mail (melded)
 c - a +0 buckler (worn)
Scrolls
 e - a scroll of brand weapon {unknown}
 g - a scroll of fog {unknown}
 h - a scroll of blinking {unknown}
Potions
 d - 2 potions of might
 f - 2 potions of lignification
 i - 3 potions of curing {unknown}


   Skills:
 + Level 3.2 Fighting
 + Level 2.5 Short Blades
 + Level 2.9 Armour
 + Level 3.2 Shields


You had 3 spell levels left.
You didn't know any spells.
Your spell library was empty.

Dungeon Overview and Level Annotations

Branches:
Dungeon (2/15)

Altars:

Annotations:
D:2 Crazy Yiuf


Innate Abilities, Weirdness & Mutations

You are a tree.
Your roots penetrate the ground, keeping you stationary.
You cannot be teleported.
You are immune to unholy pain and torment.
Your maximum health is greatly increased.
Your equipment is partially melded.
((You have extremely sharp teeth.))
Your natural rate of healing is unusually fast.
When hurt, damage is shared between your health and your magic reserves.
((Your bite disrupts and absorbs the magic of your enemies.))
Potions cannot restore your health.


Message History

Found a hammer.
You see here a +0 hammer.
Found five hammers.
Found a runed translucent door.
Crazy Yiuf shouts!
Found a hammer.
You see here a +0 hammer.
You open the door.
Press: ? - help, v - describe, . - travel
Here: Crazy Yiuf, wielding a +2 quarterstaff of chaos and wearing a +0 cloak An open translucent door.
Unknown command.
You closely miss Crazy Yiuf.
Crazy Yiuf hits you with a +2 quarterstaff of chaos.
You feel your power leaking away.
You hit Crazy Yiuf.
Crazy Yiuf is moderately wounded.
Crazy Yiuf misses you.
You hit Crazy Yiuf.
Crazy Yiuf is heavily wounded.
Crazy Yiuf hits you with a +2 quarterstaff of chaos.
Crazy Yiuf burns you.
Crazy Yiuf cries, "You leg down broken song, no?"
Crazy Yiuf hits you with a +2 quarterstaff of chaos!
You are poisoned.
It was a potion of lignification.
You turn into a tree.
Your +0 scale mail melds into your body.
Your roots penetrate the ground.
You feel very sick. You block Crazy Yiuf's attack.
You hit Crazy Yiuf.
Crazy Yiuf is heavily wounded.
You feel sick.
Crazy Yiuf hits you with a +2 quarterstaff of chaos.
* * * LOW HITPOINT WARNING * * *
You hit Crazy Yiuf.
Crazy Yiuf is severely wounded.
You feel sick. Crazy Yiuf hits you but does no damage.
Space warps horribly around you!!
Ouch! That really hurt!
You die...

#....#
##..##
♣PP.P♣
♣...♣♣
♣♣)♣♣
♣.♣♣
♣♣.♣
♣.♣♣
♣♣♣♣
#g#
.))
#).)#
#..)#
#####


You could see Crazy Yiuf.

Vanquished Creatures
  4 gnolls (D:1)
  An adder (D:2)
  A dart slug (D:1)
  2 bats (D:2)
  2 endoplasms
  3 giant cockroaches (D:1)
  4 goblins
  A hobgoblin (D:1)
  2 kobolds
  2 quokkas
  5 ball pythons
  A frilled lizard (D:1)
  3 rats (D:1)
31 creatures vanquished.

Notes
Turn   | Place    | Note
-------+----------+-------------------------------------------
     0 | D:1      | Angani the Vine Stalker Fighter began the quest for the
                  | Orb.
     0 | D:1      | Reached XP level 1. HP: 11/11 MP: 2/2
   104 | D:1      | Reached XP level 2. HP: 16/16 MP: 1/3
   574 | D:1      | Reached XP level 3. HP: 12/20 MP: 2/4
   610 | D:1      | Reached XP level 4. HP: 6/24 MP: 1/5
   841 | D:2      | Found a runed translucent door.
   842 | D:2      | Noticed Crazy Yiuf
   851 | D:2      | Mangled by Crazy Yiuf

Illustrated notes

Levels and vault maps discovered:
D:1:      dpeg_arrival_renting, layout_rooms, kennysheep_another_room,
          st_stairs_1, minmay_misc_feat_alley
D:2:      layout_loops_ring, uniq_robin, uniq_crazy_yiuf_cottage

Skill      XL: |  1  2 |
---------------+-------+-----
Short Blades   | 2 |  2.5
Fighting       | 3 |  3.2
Shields        | 3 |  3.2
Armour         | |  2.9

Action                     |  1- 3 |  4- 6 || total
---------------------------+-------+-------++-------
  Melee: Rapier            |    77 |    23 ||   100
         Bite              |    16 |     3 ||    19
    Use: Potion            |       |     1 ||     1
 Armour: Scale mail        |    49 |    15 ||    64
         Skin              |       |     2 ||     2
  Dodge: Dodged            |    31 |     8 ||    39
  Block: Buckler           |    17 |    10 ||    27

Table legend: (Time is in decaauts)
 A = Elapsed time spent in this place.
 B = Non-inter-level travel time spent in this place.
 C = Inter-level travel time spent in this place.
 D = Time resting spent in this place.
 E = Time spent auto-exploring this place.
 F = Levels seen in this place.
 G = Mean time per level.
                   A        B        C        D        E       F      G
               +--------+--------+--------+--------+--------+-----+--------+
         Total |    867 |    846 |     21 |     54 |    580 |   2 |  433.5 |
       Dungeon |    867 |    846 |     21 |     54 |    580 |   2 |  433.5 |
               +--------+--------+--------+--------+--------+-----+--------+

Top non-repeatable levels by time:
     D:1: 659 daAuts
     D:2: 207 daAuts
